 Dungeon Crawl Stone Soup version 0.30-a0-469-g84de5afbc5 (webtiles) character file.

Game seed: 11464233216963813253

36151 avis the Executioner (level 13, -4/113 HPs)
             Began as a Hill Orc Monk on Dec 19, 2022.
             Was a High Priest of Beogh.
             Killed from afar by a lava snake (14 damage)
             ... with a glob of lava
             ... on level 5 of the Lair of Beasts on Dec 20, 2022.
             The game lasted 02:04:35 (17400 turns).

avis the Executioner (Hill Orc Monk)               Turns: 17400, Time: 02:04:35

Health: -4/113     AC: 14    Str: 23    XL:     13   Next: 88%
Magic:  23/23      EV:  9    Int: 10    God:    Beogh [*****.]
Gold:   1602       SH:  0    Dex: 25    Spells: 13/14 levels left

rFire   + + .      SeeInvis .    a - +5 battleaxe of the Harvest {vorpal, rC+ Str+4 Dex+6}
rCold   + + .      Faith    +    (shield currently unavailable)
rNeg    . . .      Spirit   .    s - +2 chain mail {rF+}
rPois   +          Reflect  .    R - +1 hat {Will+}
rElec   +          Harm     .    (no cloak)
rCorr   +          Rampage  .    c - +0 pair of gloves
Will    +....                    (no boots)
Stlth   ..........               e - amulet of faith
HPRegen 0.38/turn                C - ring of resist corrosion
MPRegen 0.18/turn                P - +6 ring of dexterity

@: resistant
A: walk on water
a: Renounce Religion, Smiting, Recall Orcish Followers, Give Item to Named
Follower


You were on level 5 of the Lair of Beasts.
You worshipped Beogh.
Beogh was extremely pleased with you.
You visited 3 branches of the dungeon, and saw 14 of its levels.
You also visited: Sewer.

You collected 1707 gold pieces.
You spent 105 gold pieces at shops.

Inventory:

Hand Weapons
 a - the +5 battleaxe of the Harvest (weapon) {vorpal, rC+ Str+4 Dex+6}
   (You acquired it on level 1 of the Lair of Beasts)

   It inflicts extra damage upon your enemies.
   Str:       It affects your strength (+4).
   Dex:       It affects your dexterity (+6).
   rC:        It protects you from cold.
 b - a +4 executioner's axe of flaming
 w - a +7 battleaxe
Missiles
 j - 7 boomerangs
 l - 6 atropa-tipped darts
 x - 6 silver javelins
 B - 2 throwing nets (quivered)
 L - 56 poisoned darts
Armour
 c - a +0 pair of gloves (worn)
 k - an orb of energy
 s - a +2 chain mail of fire resistance (worn)
 R - a +1 hat of willpower (worn)
Jewellery
 e - an amulet of faith (around neck)
 p - a ring of protection from cold
 A - a ring of positive energy
 C - a ring of resist corrosion (left hand)
 P - a +6 ring of dexterity (right hand)
Wands
 o - a wand of quicksilver (8)
 r - a wand of flame (4)
 E - a wand of polymorph (4)
Scrolls
 d - 6 scrolls of amnesia
 f - 8 scrolls of teleportation
 g - 2 scrolls of magic mapping
 i - a scroll of identify
 v - a scroll of blinking
 D - 4 scrolls of fear
 J - 4 scrolls of fog
 K - 3 scrolls of summoning
Potions
 n - 6 potions of magic
 t - a potion of curing
 G - 3 potions of lignification
 H - 9 potions of ambrosia
 M - a potion of resistance


   Skills:
 - Level 10.0 Fighting
 * Level 23.4 Axes
 - Level 5.0 Armour
 - Level 2.4 Dodging
 - Level 1.5 Stealth
 - Level 1.0 Spellcasting
 - Level 1.0 Conjurations
 - Level 1.0 Necromancy
 + Level 13.9 Invocations


You had 13 spell levels left.
You knew the following spells:

 Your Spells              Type           Power      Damage    Failure   Level
a - Kiss of Death         Conj/Necr      8%         2d6       86%         1

Your spell library contained the following spells:

 Spells                   Type           Power      Damage    Failure   Level
 Magic Dart               Conj           8%         1d3       86%         1
 Freeze                   Ice            0%         1d3       94%         1
 Call Imp                 Summ           0%         N/A       98%         2
 Hailstorm                Conj/Ice       1%         3d3       99%         3
 Confusing Touch          Hex            0%         N/A       100%        3
 Frozen Ramparts          Ice            0%         1d1       100%        3
 Inner Flame              Hex/Fire       0%         N/A       100%        3
 Kindle Blastsparks       Fire/Tloc/Air  0%         2d10      100%        3
 Mephitic Cloud           Conj/Pois/Air  1%         N/A       100%        3
 Vhi's Electric Charge    Tloc/Air       0%         N/A       100%        3
 Cause Fear               Hex            0%         N/A       100%        4
 Dispel Undead            Necr           2%         3d7       100%        4
 Fulminant Prism          Conj/Hex       0%         3d5       100%        4
 Ice Form                 Ice/Tmut       0%         N/A       100%        4
 Iskenderun's Mystic Bla  Conj/Tloc      1%         2d3       100%        4
 Manifold Assault         Tloc           0%         N/A       100%        4
 Summon Lightning Spire   Summ/Air       0%         N/A       100%        4
 Arcjolt                  Conj/Air       0%         1d10      100%        5
 Lee's Rapid Deconstruct  Erth           0%         3d4*      100%        5
 Dispersal                Tloc           0%         N/A       100%        6
 Simulacrum               Ice/Necr       0%         N/A       100%        6
 Storm Form               Tmut/Air       0%         N/A       100%        7
 Discord                  Hex            0%         N/A       100%        8
 Disjunction              Tloc           0%         N/A       100%        8
 Maxwell's Capacitive Co  Air            0%         ∞         100%        8


Dungeon Overview and Level Annotations

Branches:
Dungeon (8/15)             Temple (1/1) D:4            Lair (5/5) D:8
 Shoals (0/4) Lair:2       Spider (0/4) Lair:3        Sewer (visited)
  Slime: Lair:4-5

Altars:
Hepliaklqana
Kikubaaqudgha
Makhleb
Nemelex Xobeh
Okawaru
Trog
Vehumet
Xom
Yredelemnul
Zin

Shops:
D:2 *   D:3 (

Annotations:
D:6 3 runed translucent doors, cforsyth's ghost, novice AtGl


Message History

* * * LOW HITPOINT WARNING * * *
You feel better. The black mamba misses you.
The wyvern bites Oreg.
The black mamba bites you but does no damage.
A lava snake comes into view.
The basilisk closely misses you.
The wyvern barely misses Oreg.
You slice the basilisk!!
You kill the basilisk!
Beogh accepts your kill.
You slice the black mamba!!
You kill the black mamba!
Beogh accepts your kill.
Oreg looks more experienced.
Oreg unwields a +0 arbalest.
Oreg hits the wyvern.
The wyvern barely misses Oreg.
Press: ? - help, v - describe, . - travel
Here: Oreg the orc knight, carrying a +0 arbalest (lightly wounded, friendly)
The floor, spattered with blood.
The wyvern closely misses you.
Oreg hits the wyvern!
You slash the wyvern!
You kill the wyvern!
Beogh accepts your kill.
A lava snake comes into view.
The lava snake hisses angrily.
The lava snake spits lava at you. The glob of lava hits you.
You partially resist.
* * * LOW HITPOINT WARNING * * *
Oreg wields a +0 arbalest.
Oreg shoots a bolt.
The bolt completely misses the lava snake.
You miss the lava snake. The lava snake spits lava at you.
The glob of lava hits you! You partially resist.
* * * LOW HITPOINT WARNING * * *
The lava snake completely misses you.
Oreg shoots a bolt.
The bolt hits the lava snake!!
The lava snake dies!
Beogh accepts your kill.
You feel better. The lava snake spits lava at you. The glob of lava hits you!
You partially resist.
You die...

##...####.............. ≈
######....# ##....##.......
≈≈
#.#.#.....#####..#####......
#≈≈ ##.........#8#####
#...... #≈≈##8..........##
≈###..... #§≈.......#....8#
##§≈ #....÷
#≈≈≈≈#.....#.....## #≈≈≈
##....
#≈≈≈≈##....≈#....8##≈≈###
##...
#≈######...≈§..@###≈≈≈§≈≈
##.. #§≈ ###§§§≈#..#≈≈≈# #..
§≈ ≈≈≈≈≈§§≈≈o.≈## #.. ≈
######≈≈§#.)†# ##. ≈
#...$##≈≈###....# #. ....$
#≈S# ....8# #. .....!#≈≈§
....## #. ..)#≈≈≈ .....# #.
#§≈≈ ......# #.


You could see a lava snake (catching breath, ally target) and the friendly Oreg
the orc knight.

Vanquished Creatures
  Gastronok (Lair:3)
  4 hydras
  A boulder beetle (Lair:4)
  5 death yaks (Lair:5)
  Urug (Lair:5)
  10 elephants
  2 molten gargoyles (Lair:5)
  10 black mambas
  11 cane toads
  A rime drake (Lair:5)
  4 komodo dragons
  6 blink frogs
  6 dream sheep (Lair:4)
  6 wyverns
  13 yaks
  2 steam dragons (Lair:5)
  6 basilisks
  7 water moccasins
  4 ice beasts
  4 black bears
  2 sky beasts
  3 ogres
  A wolf (Lair:1)
  A phantom (D:6)
  3 centaurs (D:5)
  4 kobold brigands (Sewer)
  10 bullfrogs
  3 necrophages (D:6)
  9 scorpions
  9 killer bees
  An electric eel (Lair:2)
  2 howler monkeys
  A lava snake (Lair:5)
  3 hounds
  A jelly (D:4)
  5 orc priests
  A gnoll bouda (D:7)
  Terence (D:2)
  5 iguanas
  Natasha (thrice) (D:3)
  4 orc wizards
  A hound skeleton (D:6)
  Robin (D:2)
  15 gnolls
  8 adders
  2 river rats
  2 white imps
  4 worms
  2 dart slugs
  10 orcs
  14 endoplasms
  10 giant cockroaches
  14 goblins
  12 hobgoblins
  4 jackals (Sewer)
  2 quokkas
  12 ball pythons
  4 bats (D:1)
  7 frilled lizards
  14 kobolds
  6 rats
320 creatures vanquished.

Vanquished Creatures (collateral kills)
  A hydra (Lair:4)
  A lindwurm (Lair:5)
  5 black mambas
  4 elephants
  A molten gargoyle (Lair:5)
  A cane toad (Lair:1)
  7 komodo dragons
  A queen bee (Lair:2)
  A polar bear (Lair:2)
  A blink frog (Lair:4)
  A dream sheep (Lair:4)
  A snapping turtle (Lair:2)
  8 yaks
  3 wargs (D:8)
  4 water moccasins
  An ice beast (D:6)
  An ogre (D:6)
  A centaur (D:7)
  3 wolves (Lair:1)
  A kobold brigand (D:6)
  3 bullfrogs
  A scorpion (Lair:3)
  6 killer bees
  A howler monkey (D:6)
  2 lava snakes (Lair:5)
  A hound (D:7)
  2 gnoll boudas
  An orc wizard (D:8)
  An adder (D:6)
  3 orcs
  A kobold (D:7)
69 creatures vanquished.

Vanquished Creatures (others)
  An orc warrior (Lair:4)
  2 orc priests
  5 orcs
  A kobold (D:4)
  21 fungi
  43 plants
73 creatures vanquished.

Grand Total: 462 creatures vanquished

Notes
Turn   | Place    | Note
-------+----------+-------------------------------------------
     0 | D:1      | avis the Hill Orc Monk began the quest for the Orb.
     0 | D:1      | Reached XP level 1. HP: 19/19 MP: 1/1
   193 | D:1      | Reached XP level 2. HP: 22/26 MP: 2/2
   359 | D:1      | Reached skill level 5 in Axes
   416 | D:1      | Reached XP level 3. HP: 29/31 MP: 3/3
   860 | D:2      | Found a burning altar of Makhleb.
   868 | D:2      | Reached skill level 6 in Axes
   959 | D:2      | Found Loynaol's Assorted Antiques.
  1116 | D:2      | Reached XP level 4. HP: 39/40 MP: 4/4
  1154 | D:2      | Noticed Robin
  1212 | D:2      | Killed Robin
  1619 | D:2      | Noticed Terence
  1667 | D:2      | Killed Terence
  1668 | D:2      | Reached skill level 7 in Axes
  1668 | D:2      | Reached XP level 5. HP: 22/46 MP: 5/5
  1957 | D:2      | Bought a marble ring for 105 gold pieces
  2109 | D:3      | Identified the +1 trident of Massacring {holy, rElec rC+++
                  | Str-2 Int+3}
  2279 | D:3      | Noticed Natasha
  2293 | D:3      | Killed Natasha
  2438 | D:3      | Found a glowing silver altar of Zin.
  2444 | D:3      | Found an iron altar of Okawaru.
  2457 | D:3      | Found Vysugg's Weapon Shop.
  2571 | D:3      | Learned a level 1 spell: Kiss of Death
  2594 | D:3      | Noticed Natasha
  2599 | D:3      | Killed Natasha
  2768 | D:3      | Found a faded altar of an unknown god.
  3243 | D:3      | Noticed Natasha
  3253 | D:3      | Killed Natasha
  3254 | D:3      | Reached skill level 1 in Armour
  3254 | D:3      | Reached XP level 6. HP: 53/55 MP: 6/6
  3303 | D:3      | Upgraded the game from 0.30-a0-465-g8901f6c8b5 to
                  | 0.30-a0-469-g84de5afbc5
  3532 | D:4      | Reached skill level 5 in Fighting
  3532 | D:4      | Reached skill level 8 in Axes
  3593 | D:4      | Became a worshipper of Beogh the Brigand
  3593 | D:4      | Reached * piety under Beogh
  3593 | D:4      | Reached ** piety under Beogh
  3602 | D:4      | Noticed a sky beast
  3635 | D:4      | Killed a sky beast
  3636 | D:4      | Reached XP level 7. HP: 26/61 MP: 7/7
  3874 | D:4      | Found a glowing drain.
  3892 | Sewer    | Entered a sewer
  3938 | Sewer    | Reached skill level 9 in Axes
  4481 | Sewer    | Reached XP level 8. HP: 70/70 MP: 8/8
  4659 | D:4      | Found a staircase to the Ecumenical Temple.
  4676 | Temple   | Entered the Ecumenical Temple
  4749 | D:4      | Found a radiant altar of Vehumet.
  4942 | D:5      | Entered Level 5 of the Dungeon
  4955 | D:5      | Reached skill level 10 in Axes
  4955 | D:5      | Reached skill level 1 in Invocations
  4994 | D:5      | Reached *** piety under Beogh
  5051 | D:5      | Found a basalt altar of Yredelemnul.
  5489 | D:6      | Reached skill level 11 in Axes
  5502 | D:6      | Reached skill level 5 in Armour
  5746 | D:5      | Reached XP level 9. HP: 62/77 MP: 12/12
  5858 | D:5      | Reached skill level 12 in Axes
  5874 | D:5      | Reached skill level 5 in Invocations
  6705 | D:6      | Reached skill level 1 in Conjurations
  6705 | D:6      | Reached skill level 1 in Necromancy
  6800 | D:6      | Reached skill level 1 in Spellcasting
  6854 | D:6      | Found a burning altar of Makhleb.
  6947 | D:6      | Found a runed translucent gate.
  6948 | D:6      | Found a runed translucent gate.
  6948 | D:6      | Noticed cforsyth's ghost (novice AtGl)
  6949 | D:6      | Found a runed translucent gate.
  6950 | D:6      | Noticed a kobold demonologist
  7171 | D:6      | Reached skill level 13 in Axes
  7204 | D:6      | Found an ancient bone altar of Kikubaaqudgha.
  7206 | D:6      | Found a hazy altar of Hepliaklqana.
  7337 | D:6      | Reached **** piety under Beogh
  7969 | D:7      | Gained Okrist as an ally
  7974 | D:7      | Reached XP level 10. HP: 48/86 MP: 14/14
  8346 | D:7      | Reached skill level 14 in Axes
  8434 | D:7      | Found a sparkling altar of Nemelex Xobeh.
  8954 | D:8      | Found a staircase to the Lair.
  9244 | D:8      | Found a bloodstained altar of Trog.
  9541 | Lair:1   | Entered Level 1 of the Lair of Beasts
  9593 | Lair:1   | Noticed a black mamba
  9594 | Lair:1   | Found a shimmering altar of Xom.
  9600 | Lair:1   | Killed a black mamba
  9642 | Lair:1   | Noticed a black mamba
  9647 | Lair:1   | Killed a black mamba
  9648 | Lair:1   | Noticed a black mamba
  9654 | Lair:1   | Killed a black mamba
  9694 | Lair:1   | Noticed a cane toad
  9696 | Lair:1   | Reached skill level 15 in Axes
  9699 | Lair:1   | Killed a cane toad
  9825 | Lair:1   | Noticed a black mamba
  9826 | Lair:1   | Noticed a cane toad
  9829 | Lair:1   | Noticed a black mamba
  9831 | Lair:1   | Killed a black mamba
  9834 | Lair:1   | Noticed a black mamba
  9835 | Lair:1   | Killed a cane toad
  9837 | Lair:1   | Killed a black mamba
  9840 | Lair:1   | Killed a black mamba
 10225 | Lair:1   | Reached XP level 11. HP: 66/97 MP: 17/17
 10233 | Lair:1   | Identified 3 scrolls of acquirement
 10236 | Lair:1   | Acquired 755 gold pieces
 10238 | Lair:1   | Acquired the +5 battleaxe of the Harvest {vorpal, rC+ Str+4
                  | Dex+6}
 10240 | Lair:1   | Acquired a +2 executioner's axe of flaming
 10326 | Lair:1   | Reached skill level 16 in Axes
 11263 | Lair:2   | Reached ***** piety under Beogh
 11446 | Lair:2   | Reached skill level 10 in Fighting
 11447 | Lair:2   | Reached skill level 17 in Axes
 11447 | Lair:2   | Reached skill level 10 in Invocations
 12079 | Lair:2   | Noticed a six-headed hydra
 12086 | Lair:2   | Killed a four-headed hydra
 12327 | Lair:2   | Found a staircase to the Shoals.
 12335 | Lair:2   | Reached skill level 18 in Axes
 12829 | Lair:3   | Noticed Gastronok
 12840 | Lair:3   | Killed Gastronok
 12841 | Lair:3   | Reached skill level 19 in Axes
 12841 | Lair:3   | Reached XP level 12. HP: 84/106 MP: 19/19
 13054 | Lair:3   | Found a hole to the Spider Nest.
 13062 | Lair:3   | Gained Orkrul as an ally
 14259 | Lair:4   | Noticed a four-headed hydra
 14267 | Lair:4   | Killed a one-headed hydra
 14268 | Lair:4   | Reached skill level 20 in Axes
 14691 | Lair:4   | Reached skill level 21 in Axes
 14839 | Lair:4   | Noticed a six-headed hydra
 14846 | Lair:4   | Killed a four-headed hydra
 15058 | Lair:4   | Reached XP level 13. HP: 113/113 MP: 21/21
 15535 | Lair:4   | Reached ****** piety under Beogh
 15687 | Lair:5   | Entered Level 5 of the Lair of Beasts
 15697 | Lair:5   | Reached skill level 22 in Axes
 16214 | Lair:5   | Identified the +8 triple crossbow "Moto" {penet, rN+ Str+5}
 16711 | Lair:5   | Noticed Urug
 16717 | Lair:5   | Killed Urug
 16749 | Lair:5   | Reached skill level 23 in Axes
 17158 | Lair:5   | Gained Oreg as an ally
 17361 | Lair:5   | Noticed a fire dragon
 17391 | Lair:5   | HP: 5/113 [black mamba (12)]
 17398 | Lair:5   | HP: 4/113 [lava snake/glob of lava (7)]
 17400 | Lair:5   | Killed from afar by a lava snake

Illustrated notes

Levels and vault maps discovered:
D:1:      pf_arrival_petrified_forest, layout_loops_ring,
          minmay_misc_feat_columns, minmay_indecisive_spiral
D:2:      layout_loops_ring, basic_altar, serial_shops, shop,
          minmay_pentomino_u4, uniq_terence, uniq_robin
D:3:      layout_basic, mainiacjoe_overflow_catwalk_spiral,
          chequers_ecumenical_altar_simple_redux, serial_shops, shop_coins,
          uniq_natasha
D:4:      layout_rooms, nicolae_vehumet_radiance,
          minmay_temple_entry_large_hall, portal_sewer_entry_b,
          minmay_statues_item, grunt_decor_resistance, minmay_starry_boxes
D:5:      layout_cave_pools, mainiacjoe_overflow_brackets
D:6:      minmay_skewed_foursquare, layout_gridville,
          makhleb_blood_cavern_becter, jmf_multi_god_temple,
          gammafunk_ghost_nasty_kobolds
D:7:      layout_rooms, mainiacjoe_overflow_alcove_1
D:8:      layout_basic, mainiacjoe_overflow_surrounded_room,
          erik_lair_orcish_takeover
Temple:   hellmonk_temple_forest_ring
Lair:1:   layout_loops_ring, basic_altar, grunt_megastairs_3
Lair:2:   layout_gridlike, minmay_shoals_entry_hut, special_room
          [special_room_bee]
Lair:3:   layout_regular_city, nicolae_spider_entry_non_spiders,
          lemuel_fruit_tree, uniq_gastronok
Lair:4:   cheibrodos_lair_river_kwai, layout_cave_pods
Lair:5:   cheibrodos_lair_end_hotspot, layout_regular_city,
          minmay_slime_entry_pillars, uniq_urug

Skill      XL: |  1  2  3  4  5  6  7  8  9 10 11 12 13 |
---------------+----------------------------------------+-----
Axes           | 5 6 7 8 9 11 13 15 19 21 23 | 23.4
Fighting       | 4 5 6 7 9 10 | 10.0
Armour         | 1 2 3 5 |  5.0
Invocations    | 4 6 8 10 11 13 | 13.9
Conjurations   | 1 |  1.0
Necromancy     | 1 |  1.0
Spellcasting   | 1 |  1.0
Dodging        | |  2.4
Stealth        | |  1.5

Action                   |  1- 3 |  4- 6 |  7- 9 | 10-12 | 13-15 || total
-------------------------+-------+-------+-------+-------+-------++-------
Melee: Hand axe          |   113 |   110 |       |       |       ||   223
       Punch             |     1 |     3 |     8 |     3 |       ||    15
       War axe           |       |   130 |   373 |   119 |       ||   622
       Battleaxe         |       |       |       |   209 |   129 ||   338
       Executioner's axe |       |       |       |    13 |     6 ||    19
 Fire: Sling             |       |     9 |       |       |       ||     9
       Triple crossbow   |       |       |       |       |     3 ||     3
Throw: Boomerang         |       |     1 |       |       |       ||     1
       Throwing net      |       |     1 |       |       |       ||     1
Invok: Convert to Beogh  |       |     1 |       |       |       ||     1
       Recall Orcish Fol |       |       |       |    11 |     5 ||    16
       Stop Recall       |       |       |       |     7 |     3 ||    10
       Give Item to Name |       |       |       |     2 |     1 ||     3
       Smiting           |       |       |       |       |     4 ||     4
       Resurrection      |       |       |       |       |     1 ||     1
  Use: Potion            |       |     2 |     5 |     5 |     8 ||    20
       Scroll            |       |       |    12 |    16 |     1 ||    29
 Stab: Distracted        |       |       |       |     8 |     3 ||    11
Armor: Scale mail        |    18 |       |       |       |       ||    18
       Chain mail        |    30 |   121 |   228 |   171 |    47 ||   597
       Skin              |       |       |       |       |    12 ||    12
Dodge: Dodged            |    45 |    96 |   140 |   177 |    38 ||   496

Table legend: (Time is in decaauts)
 A = Elapsed time spent in this place.
 B = Non-inter-level travel time spent in this place.
 C = Inter-level travel time spent in this place.
 D = Time resting spent in this place.
 E = Time spent auto-exploring this place.
 F = Levels seen in this place.
 G = Mean time per level.
                   A        B        C        D        E       F      G
               +--------+--------+--------+--------+--------+-----+--------+
         Total |  17454 |  15486 |   1968 |   4615 |   6208 |  15 | 1163.6 |
       Dungeon |   8913 |   7596 |   1317 |   1597 |   3404 |   8 | 1114.1 |
        Temple |     49 |     47 |      2 |      0 |      0 |   1 |   49.0 |
          Lair |   7651 |   7003 |    648 |   2859 |   2627 |   5 | 1530.2 |
         Sewer |    840 |    840 |      0 |    159 |    176 |   1 |  840.0 |
               +--------+--------+--------+--------+--------+-----+--------+

Top non-repeatable levels by time:
  Lair:4: 2220 daAuts
  Lair:2: 1731 daAuts
     D:6: 1721 daAuts
  Lair:1: 1705 daAuts
     D:3: 1411 daAuts
  Lair:3: 1307 daAuts
     D:2: 1297 daAuts
     D:5: 1219 daAuts
     D:4: 912 daAuts
     D:1: 895 daAuts
   Sewer: 840 daAuts
     D:7: 823 daAuts
  Lair:5: 688 daAuts
     D:8: 631 daAuts
  Temple: 49 daAuts
